 Dungeon Crawl Stone Soup version 0.20.0-10-g0535bb4 (webtiles) character file.

124 Jannitor the Ducker (level 5, -3/28 HPs)
             Began as a Kobold Air Elementalist on June 6, 2017.
             Slain by an orc wizard
             ... wielding a +0 dagger
              (4 damage)
             ... on level 3 of the Dungeon.
             The game lasted 00:10:58 (4530 turns).

Jannitor the Ducker (Kobold Air Elementalist)       Turns: 4530, Time: 00:10:59

Health: -3/28      AC:  2    Str:  5    XL:     5   Next: 30%
Magic:  0/9        EV: 17    Int: 17    God:
Gold:   103        SH:  0    Dex: 16    Spells: 3/9 levels left

rFire    . . .     SeeInvis .   e - +0 dagger
rCold    . . .     Gourm    .   (shield restricted)
rNeg     + . .     Faith    .   a - +0 robe
rPois    .         Spirit   .   (no helmet)
rElec    .         Reflect  .   (no cloak)
rCorr    .         Harm     .   (no gloves)
MR       .....                  (no boots)
Stlth    ++........             (no amulet)
Regen    0.1/turn               j - ring of positive energy
MPRegen  0.2/turn               (no ring)

@: very slightly contaminated
A: carnivore 3
a: no special abilities


You were on level 3 of the Dungeon.
You were completely stuffed.

You visited 1 branch of the dungeon, and saw 3 of its levels.

You collected 103 gold pieces.

Inventory:

Hand Weapons
 e - a +0 dagger (weapon)
Armour
 a - a +0 robe (worn)
Jewellery
 j - a ring of positive energy (left hand)
 l - a cursed ring of loudness {unknown}
 p - an uncursed ring of resist corrosion {unknown}
Scrolls
 f - 2 scrolls of teleportation {unknown}
 i - a scroll of noise {unknown}
 m - a scroll of immolation {unknown}
 n - a scroll of identify {unknown}
 q - a scroll of blinking
 r - a scroll of amnesia {unknown}
 s - a scroll of fog {unknown}
Books
 b - a book of Air

   Spells                             Type                      Level
   a - Shock                          Conjuration/Air              1
   b - Swiftness                      Charms/Air                   2
   c - Static Discharge               Conjuration/Air              3
   d - Airstrike                      Air                          4
   e - Lightning Bolt                 Conjuration/Air              5
Comestibles
 c - a meat ration
 d - 2 chunks of flesh


   Skills:
 - Level 4.2 Dodging
 - Level 3.0 Stealth
 + Level 2.7 Spellcasting
 - Level 1.0 Conjurations
 + Level 4.2 Air Magic


You had 3 spell levels left.
You knew the following spells:

 Your Spells              Type           Power        Failure   Level  Hunger
a - Shock                 Conj/Air       ##..         6%          1    #......
b - Swiftness             Chrm/Air       #.......     12%         2    ##.....
c - Static Discharge      Conj/Air       ##......     19%         3    ###....


Dungeon Overview and Level Annotations

Branches:
Dungeon (3/15)

Altars:
Qazlal
Xom
Zin

Annotations:
D:2 1 runed door, Terence


Innate Abilities, Weirdness & Mutations

You are small and have problems with some larger weapons.
You are carnivorous and can eat meat at any time.


Message History

You hit the orc wizard but do no damage.
The orc wizard is almost dead.
The orc wizard closely misses you.
You aren't carrying any potions.
Unknown command.
You hit the orc wizard but do no damage.
The orc wizard is almost dead.
The orc wizard casts a spell at you. The magic dart hits you!
* * * LOW HITPOINT WARNING * * *
Casting: Shock
Confirm with . or Enter, or press ? or * to list all spells.
Aiming: Shock
Press: ? - help, Shift-Dir - straight line, f/p - orc wizard
Aim: an orc wizard, wielding a dagger and wearing a robe (almost dead)
The zap hits the orc wizard.
The orc wizard is almost dead.
The orc wizard closely misses you. The orc wizard hits you with a dagger.
You die...

#...#...#o..# #..#..###.
#...#####...#########.).......
#....._................#######
.'.....)..'.................>.
##......).#............#..###.
.....###.####..#########..#...
.... #.# #<.# #..#.## ...
###.#####'###### #...... ..
#...)..o@......# #.###.. .
#.#.###........# #.# #..
#.#.###........# #.###..
#.#.#.....###### #......
#.....#.#.###.# #####.#
.o.......... #.# #.#
........#.## #.# #..
........#.# ..# ###
...ooo..#.# ####


You could see an orc wizard.

Vanquished Creatures
  A hound skeleton (D:3)
  A gnoll (D:2)
  2 adders (D:2)
  3 worms
  A dart slug (D:3)
  2 orcs (D:3)
  3 giant cockroaches
  11 goblins
  8 hobgoblins
  A jackal (D:2)
  3 quokkas
  A ball python (D:2)
  11 bats
  7 frilled lizards
  8 kobolds
  8 rats
71 creatures vanquished.

Notes
Turn   | Place    | Note
-------+----------+-------------------------------------------
     0 | D:1      | Jannitor the Kobold Air Elementalist began the quest for the Orb.
     0 | D:1      | Reached XP level 1. HP: 10/10 MP: 3/3
   365 | D:1      | Reached XP level 2. HP: 15/15 MP: 3/5
   826 | D:1      | Reached XP level 3. HP: 19/19 MP: 3/6
   954 | D:1      | Learned a level 2 spell: Swiftness
  1609 | D:2      | Noticed Terence
  1626 | D:1      | Learned a level 3 spell: Static Discharge
  1842 | D:2      | Reached XP level 4. HP: 17/24 MP: 0/7
  1999 | D:2      | Found a stormy altar of Qazlal.
  3185 | D:2      | Found a runed door.
  3745 | D:3      | Found a shimmering altar of Xom.
  3745 | D:3      | Found a glowing silver altar of Zin.
  3745 | D:3      | Noticed an angel
  3758 | D:3      | Reached XP level 5. HP: 17/28 MP: 0/8
  4528 | D:3      | HP: 1/28 [orc wizard/magic dart (7)]
  4530 | D:3      | Slain by an orc wizard

Skill      XL: |  1  2  3  4 |
---------------+-------------+-----
Stealth        | 3 |  3.0
Dodging        | 3 4 |  4.2
Air Magic      | 4 |  4.2
Spellcasting   | |  2.7
Conjurations   | |  1.0

Action                   |  1- 3 |  4- 6 || total
-------------------------+-------+-------++-------
Melee: Dagger            |     8 |    91 ||    99
 Cast: Shock             |    83 |   108 ||   191
       Static Discharge  |       |     8 ||     8
  Use: Potion            |       |     7 ||     7
       Scroll            |       |     1 ||     1
  Eat: Chunk             |    12 |    11 ||    23
Armor: Robe              |     2 |     9 ||    11
       Skin              |       |    13 ||    13
Dodge: Dodged            |    20 |   114 ||   134
